 Dungeon Crawl Stone Soup version 0.29.1-12-g30fa7ad0bf (webtiles) character file.

Game seed: 15281443894566183072

1696 wormed the Carver (level 8, -1/58 HPs)
             Began as a Demonspawn Monk on Dec 28, 2022.
             Slain by a gnoll sergeant
             ... wielding a +2 trident of flaming
              (11 damage)
             ... on level 5 of the Dungeon.
             The game lasted 00:11:15 (6720 turns).

wormed the Carver (Demonspawn Monk)                 Turns: 6720, Time: 00:11:15

Health: -1/58      AC:  6    Str: 11    XL:     8   Next: 72%
Magic:  0/8        EV: 11    Int: 12    God:
Gold:   238        SH:  7    Dex: 18    Spells: 7/7 levels left

rFire   + . .      SeeInvis .   a - +0 falchion
rCold   . . .      Faith    .   e - +2 buckler
rNeg    . . .      Spirit   +   g - +0 ring mail
rPois   .          Reflect  .   (helmet restricted)
rElec   .          Harm     .   p - +0 cloak
rCorr   .          Rampage  .   (no gloves)
Will    +....                   (no boots)
Stlth   ++........              (no amulet)
HPRegen 0.19/turn               v - ring of willpower
MPRegen 0.22/turn               G - ring of protection from fire

@: no status effects
A: antennae 2, magic shield, magic regeneration
a: no special abilities


You were on level 5 of the Dungeon.
You visited 2 branches of the dungeon, and saw 6 of its levels.
You also visited: Ossuary.

You collected 238 gold pieces.

Inventory:

Hand Weapons
 a - a +0 falchion (weapon)
Missiles
 q - 3 curare-tipped darts
 s - 3 poisoned darts
 F - a throwing net
Armour
 e - a +2 buckler (worn)
 g - a +0 ring mail (worn)
 p - a +0 cloak (worn)
Jewellery
 v - a ring of willpower (left hand)
 G - a ring of protection from fire (right hand)
Wands
 t - a wand of iceblast (2) (quivered)
 y - a wand of polymorph (7)
Scrolls
 f - 2 scrolls of brand weapon {unknown}
 k - 3 scrolls of blinking {unknown}
 m - 4 scrolls of amnesia {unknown}
 n - a scroll of enchant armour {unknown}
 u - a scroll of silence {unknown}
 w - a scroll of magic mapping {unknown}
 B - 3 scrolls of identify {unknown}
 C - 2 scrolls of teleportation {unknown}
 D - a scroll of vulnerability {unknown}
 H - a scroll of immolation {unknown}
Potions
 b - 2 potions of heal wounds {unknown}
 c - 3 potions of ambrosia
 d - 2 potions of attraction {unknown}
 h - a potion of lignification {unknown}
 i - a potion of brilliance {unknown}
 j - 3 potions of flight {unknown}
 l - 3 potions of haste {unknown}
 o - 2 potions of curing
 r - a potion of might {unknown}
 x - a potion of magic {unknown}
 z - 3 potions of degeneration {unknown}
 A - a potion of berserk rage {unknown}
 E - a potion of mutation {unknown}


   Skills:
 - Level 3.0 Fighting
 * Level 10.0 Long Blades
 - Level 3.0 Dodging
 - Level 2.0 Stealth
 - Level 3.0 Shields


You had 7 spell levels left.
You didn't know any spells.
Your spell library contained the following spells:

 Spells                   Type           Power      Damage    Failure   Level
 Magic Dart               Conj           0%         1d3       71%         1
 Searing Ray              Conj           0%         2d4       85%         2
 Confusing Touch          Hex            0%         N/A       97%         3
 Conjure Flame            Conj/Fire      0%         6-21      97%         3
 Ignite Poison            Fire/Tmut/Pois 0%         N/A       97%         3
 Tukima's Dance           Hex            0%         N/A       97%         3
 Fulminant Prism          Conj/Hex       0%         3d6       100%        4
 Passage of Golubria      Tloc           0%         N/A       100%        4
 Sticky Flame             Conj/Fire      0%         2d3       100%        4
 Yara's Violent Unravell  Hex/Tmut       0%         3d3       100%        5
 Enfeeble                 Hex            0%         N/A       100%        7


Dungeon Overview and Level Annotations

Branches:
Dungeon (5/15)             Temple (1/1) D:4         Ossuary (visited)

Altars:
Ashenzari
Cheibriados
Dithmenos
Fedhas
Makhleb
Qazlal
Ru
Sif Muna
Uskayaw
Vehumet
Xom


Innate Abilities, Weirdness & Mutations

You have a pair of antennae on your head.
When hurt, damage is shared between your health and your magic reserves.
You regenerate magic rapidly.


Message History

You barely miss the iguana.
The iguana is moderately wounded.
The iguana completely misses you. You block the gnoll sergeant's attack.
The gnoll shouts!
You hit the iguana.
The iguana is severely wounded.
The iguana closely misses you. The gnoll sergeant barely misses you.
You closely miss the iguana.
The iguana is severely wounded.
You block the iguana's attack.
The gnoll hits you from afar with a +0 spear.
The gnoll sergeant hits you from afar with a +2 trident of flaming!
The gnoll sergeant burns you.
You hit the iguana.
You kill the iguana!
The gnoll sergeant hits you from afar with a +2 trident of flaming.
The gnoll sergeant burns you. You block the gnoll's attack.
The gnoll hits you with a +0 spear.
You closely miss the gnoll.
The gnoll sergeant hits you from afar with a +2 trident of flaming!
The gnoll sergeant burns you.
You hit the gnoll.
The gnoll is moderately wounded.
The gnoll sergeant hits you from afar with a +2 trident of flaming.
* * * LOW HITPOINT WARNING * * *
The gnoll hits you with a +0 spear.
* * * LOW HITPOINT WARNING * * *
You hit the gnoll.
The gnoll is heavily wounded.
You block the gnoll sergeant's attack. The gnoll hits you but does no damage.
You hit the gnoll but do no damage.
The gnoll is heavily wounded.
The gnoll sergeant hits you from afar with a +2 trident of flaming!
* * * LOW HITPOINT WARNING * * *
The gnoll sergeant burns you.
* * * LOW HITPOINT WARNING * * *
The gnoll closely misses you.
You feel better.
The gnoll sergeant hits you from afar with a +2 trident of flaming!
You die...

.### ###..### #..#......#...#
...# #..##.####.............#
..## ####........#.............#
...###.....#.##..#..#......#...#
...#>...#.#..##.##.............#
[.....###.##.##.......#..#...#.#
##.............#............##.#
###.#..##..#...##....#....#....#
#.###...##.##...@g.#...##.#.####
...#..###..#..##...##.......#
?.............####gg#####...#
#.........##..###.g.######..#
##....g....##..#............#
...........##..{.........#.##
..........#......##.......##
#.................#.##...##
..................#......#


You could see a gnoll sergeant and 3 gnolls.

Vanquished Creatures
  Grinder (D:3)
  Sigmund (D:3)
  A steam dragon (D:5)
  A water moccasin (D:4)
  A necrophage (D:4)
  8 scorpions
  A centaur zombie (Ossuary)
  2 human zombies (Ossuary)
  A jelly (D:5)
  Crazy Yiuf (D:2)
  An orc priest (D:3)
  An iguana (D:5)
  Jessica (D:2)
  Ijyb (D:4)
  4 scorpion zombies (Ossuary)
  3 mummies (Ossuary)
  Robin (D:3)
  5 adders
  5 gnolls
  2 worms
  2 dart slugs (D:1)
  5 orcs
  6 endoplasms
  A giant cockroach (D:4)
  A gnoll zombie (Ossuary)
  7 hobgoblins
  4 jackals (D:3)
  4 kobolds
  2 quokkas
  3 ball pythons
  3 bats
  3 frilled lizards
  16 goblins
  A goblin zombie (Ossuary)
  4 hobgoblin zombies (Ossuary)
  2 kobold zombies (Ossuary)
  An orc zombie (Ossuary)
  A rat (D:3)
108 creatures vanquished.

Notes
Turn   | Place    | Note
-------+----------+-------------------------------------------
     0 | D:1      | wormed the Demonspawn Monk began the quest for the Orb.
     0 | D:1      | Reached XP level 1. HP: 18/18 MP: 1/1
   644 | D:1      | Gained mutation: You regenerate magic rapidly. [demonic
                  | ancestry]
   644 | D:1      | Reached XP level 2. HP: 24/24 MP: 2/2
   649 | D:1      | Reached skill level 3 in Long Blades
  1058 | D:2      | Found a shimmering altar of Xom.
  1077 | D:2      | Reached skill level 1 in Shields
  1077 | D:2      | Gained mutation: You have a pair of small antennae on your
                  | head. [demonic ancestry]
  1077 | D:2      | Reached XP level 3. HP: 23/29 MP: 3/3
  1194 | D:2      | Reached XP level 4. HP: 8/35 MP: 4/4
  1453 | D:2      | Noticed Jessica
  1844 | D:2      | Killed Jessica
  1845 | D:2      | Reached skill level 4 in Long Blades
  1911 | D:2      | Found a faded altar of an unknown god.
  1930 | D:2      | Found a runed translucent door.
  1931 | D:2      | Noticed Crazy Yiuf
  2055 | D:2      | Killed Crazy Yiuf
  2056 | D:2      | Reached XP level 5. HP: 23/41 MP: 5/5
  2441 | D:3      | Noticed Robin
  2465 | D:3      | Killed Robin
  2696 | D:3      | Noticed Sigmund
  2744 | D:4      | Noticed Ijyb
  2767 | D:4      | Killed Ijyb
  2919 | D:4      | Reached skill level 5 in Long Blades
  2922 | D:4      | Found a staircase to the Ecumenical Temple.
  2927 | D:4      | Identified the +4 spear "Ubizu" {drain, rPois Will+ Str+2}
  2932 | Temple   | Entered the Ecumenical Temple
  3139 | D:4      | Found a sand-covered staircase.
  3246 | Ossuary  | Entered an ossuary
  3350 | Ossuary  | Gained mutation: When hurt, damage is shared between your
                  | health and your magic reserves. [demonic ancestry]
  3350 | Ossuary  | Reached XP level 6. HP: 14/47 MP: 6/6
  3952 | Ossuary  | Reached skill level 6 in Long Blades
  4013 | Ossuary  | Gained mutation: You have a pair of antennae on your head.
                  | [demonic ancestry]
  4013 | Ossuary  | Reached XP level 7. HP: 48/52 MP: 7/7
  4366 | Ossuary  | Reached skill level 7 in Long Blades
  4991 | D:5      | Entered Level 5 of the Dungeon
  5316 | D:4      | Reached skill level 8 in Long Blades
  5316 | D:4      | Reached XP level 8. HP: 24/58 MP: 5/8
  5747 | D:3      | Found a sacrificial altar of Ru.
  5759 | D:3      | Noticed Grinder
  5781 | D:3      | Paralysed by Grinder for 5 turns
  5796 | D:3      | Killed Grinder
  6008 | D:3      | Killed Sigmund
  6009 | D:3      | Reached skill level 9 in Long Blades
  6656 | D:5      | Reached skill level 10 in Long Blades
  6719 | D:5      | HP: 1/58 [gnoll sergeant/+2 trident of flaming (2)]
  6720 | D:5      | Slain by a gnoll sergeant

Illustrated notes

Levels and vault maps discovered:
D:1:      doesnt_arrival_eight_statues, layout_basic
D:2:      cheibrodos_greedy_goblins, layout_rooms,
          hellmonk_ecumenical_altar_inner_sanctum, basic_altar,
          uniq_crazy_yiuf_cottage, uniq_jessica
D:3:      layout_loops_ring, lemuel_tele_altar, uniq_sigmund, uniq_grinder,
          uniq_robin
D:4:      layout_cave_pools, minmay_temple_entry_sparse_star,
          nicolae_ossuary_entry_ruins, uniq_ijyb
D:5:      layout_cave_pools, minmay_misc_feat_plants
Temple:   nicolae_temple_ecumenical_triangle

Skill      XL: |  1  2  3  4  5  6  7  8 |
---------------+-------------------------+-----
Stealth        | 2 |  2.0
Long Blades    | 3 4 5 6 8 10 | 10.0
Dodging        | 3 |  3.0
Shields        | 1 2 3 |  3.0
Fighting       | |  3.0

Action                   |  1- 3 |  4- 6 |  7- 9 || total
-------------------------+-------+-------+-------++-------
Melee: Falchion          |    76 |   295 |   249 ||   620
Evoke: Wand              |       |       |     4 ||     4
  Use: Potion            |       |     1 |     5 ||     6
 Stab: Sleeping          |     1 |     1 |     3 ||     5
Armor: Ring mail         |    30 |    75 |    50 ||   155
Dodge: Dodged            |    38 |   108 |   100 ||   246
Block: Buckler           |    20 |    86 |    82 ||   188
